 Dungeon Crawl Stone Soup version 0.24.0-10-g970556be89 (webtiles) character file.

Game seed: 1216292132923703197, levelgen mode: deterministic

585441 Sphyrna the Peltast (level 27, -1/174 HPs)
             Began as a Gargoyle Earth Elementalist on Oct 29, 2019.
             Was the Champion of Okawaru.
             Splashed by an acid blob's acid (8 damage)
             ... while paralysed by a floating eye
             ... on level 3 of the Pits of Slime on Nov 3, 2019.
             The game lasted 10:58:08 (119026 turns).

Sphyrna the Peltast (Gargoyle Earth Elementalist) Turns: 119026, Time: 10:58:09

Health: -1/174     AC: 67    Str: 24    XL:     27
Magic:  42/42      EV:  2    Int: 33    God:    Okawaru [******]
Gold:   1826       SH:  0    Dex: 14    Spells: 29/57 levels left

rFire    + + .     SeeInvis +   Z - +3 demon whip (drain) {!w}
rCold    + + .     Gourm    .   c - +2 large shield {AC+3}
rNeg     + + +     Faith    .   f - +16 crystal plate armour of the Great Game {rPois Str+3 Int+10 Dex+4}
rPois    ∞         Spirit   .   P - +2 helmet {SInv}
rElec    +         Reflect  .   N - scarf {rC+ rF+}
rCorr    .         Harm     .   D - +2 pair of gloves {Str+3}
MR       +++++     Clarity  +   O - +2 pair of boots {run}
Stlth    ..........             W - amulet of the Four Winds {rN+ MR+++ Clar}
HPRegen  0.39/turn              G - ring of Accord {rElec rPois rC+ rN+}
MPRegen  0.28/turn              M - ring "Tibes" {rElec rF+ rN+ Str+2}

@: paralysed, corroded, quick
A: big wings, blurry vision 1, dopey 1, negative energy resistance 1,
electricity resistance, unbreathing, petrification resistance, rot immunity, AC
+20
}: 2/15 runes: serpentine, barnacled
a: Fly, Heroism, Finesse, Renounce Religion


You were on level 3 of the Pits of Slime.
You worshipped Okawaru.
Okawaru was exalted by your worship.
You were not hungry.

You visited 12 branches of the dungeon, and saw 52 of its levels.
You visited 1 bazaar.
You also visited: Ice Cave, Wizlab and Desolation.

You collected 7011 gold pieces.
You spent 5185 gold pieces at shops.

Inventory:

Hand Weapons
 a - a +4 eveningstar of crushing
   (You bought it in a shop on level 1 of the Vaults)
 b - a +4 sacred scourge of holy wrath
   (You took it off Mennas on level 5 of the Depths)
 Z - a +3 demon whip of draining (weapon) {!w}
   (Okawaru gifted it to you on level 3 of the Elven Halls)
Missiles
 n - 894 stones (quivered)
 w - 12 throwing nets {!f}
Armour
 c - a +2 large shield of protection (worn)
   (Okawaru gifted it to you on level 2 of the Vaults)
 f - the +16 crystal plate armour of the Great Game (worn) {rPois Str+3 Int+10 Dex+4}
   (You bought it in a shop in a bazaar)

   It affects your strength (+3).
   It affects your intelligence (+10).
   It affects your dexterity (+4).
   It protects you from poison.
 v - the +2 scale mail of the Teacher {rC++ rCorr Str+2 Int+2}
   (Okawaru gifted it to you on level 1 of the Snake Pit)

   It affects your strength (+2).
   It affects your intelligence (+2).
   It greatly protects you from cold.
   It provides partial protection from all sources of acid and corrosion.
 D - a +2 pair of gloves of strength (worn)
   (You found it on level 3 of the Elven Halls)
 N - a scarf of resistance (worn)
   (You found it on level 9 of the Dungeon)
 O - a +2 pair of boots of running (worn)
   (Okawaru gifted it to you on level 14 of the Dungeon)
 P - a +2 helmet of see invisible (worn)
   (You bought it in a shop on level 2 of the Elven Halls)
Jewellery
 i - an uncursed ring of protection from fire
   (You found it on level 5 of the Dungeon)
 o - an uncursed ring of protection from cold
   (You took it off Mara on level 1 of the Tomb of the Ancients)
 p - an uncursed ring of resist corrosion
   (You took it off a deep elf death mage on level 3 of the Elven Halls)
 u - an uncursed ring of wizardry {unknown}
   (You found it on level 1 of the Tomb of the Ancients)
 G - the ring of Accord (left hand) {rElec rPois rC+ rN+}
   (You took it off a skeletal warrior on level 3 of the Crypt)

   [ring of positive energy]

   It protects you from cold.
   It insulates you from electricity.
   It protects you from poison.
   It protects you from negative energy.
 M - the ring "Tibes" (right hand) {rElec rF+ rN+ Str+2}
   (You took it off a skeletal warrior on level 1 of the Crypt)

   [ring of positive energy]

   It affects your strength (+2).
   It protects you from fire.
   It insulates you from electricity.
   It protects you from negative energy.
 W - the amulet of the Four Winds (around neck) {rN+ MR+++ Clar}
   (You bought it in a shop on level 4 of the Dungeon)

   [amulet of nothing]

   It protects you from negative energy.
   It affects your resistance to hostile enchantments.
   It protects you against confusion.
 Y - the ring "Honuu" {rN+ MR+}
   (You took it off a skeletal warrior on level 3 of the Crypt)

   [ring of positive energy]

   It protects you from negative energy.
   It affects your resistance to hostile enchantments.
Wands
 d - a wand of iceblast (34)
   (You found it on level 6 of the Lair of Beasts)
 x - a wand of acid (4)
   (You found it on level 1 of the Shoals)
 z - a wand of clouds (7)
   (You took it off a necromancer on level 1 of the Vaults)
Scrolls
 h - 31 scrolls of identify {@r1}
 l - 6 scrolls of blinking
 q - 12 scrolls of magic mapping
 r - 17 scrolls of teleportation {@r4}
 s - 8 scrolls of immolation {!r}
 y - 4 scrolls of enchant armour
 B - 6 scrolls of summoning
 C - 2 scrolls of enchant weapon
 H - 9 scrolls of fear
 I - 4 scrolls of vulnerability {!r}
 L - 6 scrolls of silence
 T - a scroll of acquirement
 V - 11 scrolls of fog
 X - 23 scrolls of remove curse {@r2}
Potions
 g - 9 potions of haste {@q3}
 j - 6 potions of might
 k - 6 potions of heal wounds {@q2}
 m - 3 potions of ambrosia
 t - 2 potions of resistance
 A - 21 potions of curing {@q1}
 E - 5 potions of cancellation
 F - 5 potions of invisibility
 J - 4 potions of brilliance
 K - 3 potions of magic
 Q - 6 potions of agility
 S - 4 potions of mutation {!q}
 U - 5 potions of lignification {!q}
Miscellaneous
 R - 5 phantom mirrors
Comestibles
 e - 77 rations {!d}


   Skills:
 + Level 18.2 Fighting
 - Level 16.0 Maces & Flails
 * Level 16.7 Armour
 + Level 7.6 Dodging
 - Level 14.8 Stealth
 * Level 20.9 Shields
 + Level 15.7 Spellcasting
 - Level 14.0 Conjurations
 + Level 11.8 Charms
 + Level 8.7 Summonings
 - Level 4.0 Translocations
   Level 0.7 Transmutations
 + Level 10.0 Air Magic
 - Level 18.3 Earth Magic
 - Level 8.6 Invocations


You had 29 spell levels left.
You knew the following spells:

 Your Spells              Type           Power        Failure   Level  Hunger
a - Sandblast             Erth           ######       1%          1    None
b - Stone Arrow           Conj/Erth      ######       1%          3    None
c - Lee's Rapid Deconstr  Erth           #######...   1%          5    None
d - Deflect Missiles      Chrm/Air       #######...   73%         6    ##.....
e - Summon Lightning Spi  Summ/Air       ######..     14%         4    None
f - Iron Shot             Conj/Erth      #######...   13%         6    ##.....
g - Blink                 Tloc           N/A          19%         2    None
h - Apportation           Tloc           ######       12%         1    None

Your spell library contained the following spells:

 Spells                   Type           Power        Failure   Level  Hunger
 Infusion                 Chrm           ####         1%          1    None
 Magic Dart               Conj           ####         1%          1    None
 Summon Butterflies       Summ           ######..     1%          1    None
 Summon Small Mammal      Summ           ####         1%          1    None
 Passwall                 Tmut/Erth      ######..     1%          2    None
 Song of Slaying          Chrm           #######.     1%          2    None
 Swiftness                Chrm/Air       #######.     1%          2    None
 Static Discharge         Conj/Air       #######.     1%          3    None
 Call Imp                 Summ           ######..     2%          2    None
 Flame Tongue             Conj/Fire      #####        3%          1    None
 Sting                    Conj/Pois      ####         3%          1    None
 Shroud of Golubria       Chrm/Tloc      ######       3%          2    None
 Throw Flame              Conj/Fire      ######       5%          2    None
 Throw Frost              Conj/Ice       ######       5%          2    None
 Mephitic Cloud           Conj/Pois/Air  ######..     7%          3    None
 Conjure Flame            Conj/Fire      ######..     11%         3    None
 Dazzling Spray           Conj/Hex       ######       11%         3    None
 Poisonous Vapours        Pois/Air       ######       12%         2    None
 Petrify                  Tmut/Erth      ######..     13%         4    None
 Lightning Bolt           Conj/Air       #######...   13%         5    None
 Leda's Liquefaction      Hex/Erth       ######....   14%         4    None
 Ozocubu's Armour         Chrm/Ice       ######..     17%         3    None
 Regeneration             Chrm/Necr      ######....   17%         3    None
 Spectral Weapon          Hex/Chrm       ######..     17%         3    None
 Bolt of Magma            Conj/Fire/Erth #######...   22%         5    None
 Summon Guardian Golem    Hex/Summ       ######..     32%         3    None
 Sticky Flame             Conj/Fire      ######..     34%         4    None
 Throw Icicle             Conj/Ice       ######..     34%         4    None
 Gell's Gravitas          Tloc           ######....   36%         3    None
 Borgnjor's Vile Clutch   Necr/Erth      ######....   38%         5    None
 Beastly Appendage        Tmut           ####..       43%         1    None
 Summon Demon             Summ           ######....   45%         5    None
 Animate Skeleton         Necr           N/A          54%         1    None
 Confusing Touch          Hex            ####..       54%         1    None
 Freeze                   Ice            ####         54%         1    None
 Pain                     Necr           ####         54%         1    None
 Conjure Ball Lightning   Conj/Air       #######...   56%         6    ##.....
 Sticks to Snakes         Tmut           ####....     58%         2    None
 Corpse Rot               Necr           N/A          67%         2    None
 Ensorcelled Hibernation  Hex/Ice        ####..       67%         2    None
 Slow                     Hex            ####....     67%         2    None
 Fireball                 Conj/Fire      ######....   69%         5    None
 Venom Bolt               Conj/Pois      ######....   69%         5    None
 Summon Ice Beast         Ice/Summ       ######..     71%         4    None
 Passage of Golubria      Tloc           N/A          77%         4    None
 Excruciating Wounds      Chrm/Necr      ######....   83%         5    None
 Ignite Poison            Fire/Tmut/Pois ####....     86%         3    None
 Spider Form              Tmut/Pois      ####......   86%         3    None
 Confuse                  Hex            ####....     88%         3    None
 Inner Flame              Hex/Fire       ####....     88%         3    None
 Vampiric Draining        Necr           ####......   88%         3    None
 Silence                  Hex/Air        ######....   92%         5    None
 Shadow Creatures         Summ           N/A          95%         6    ##.....
 Freezing Cloud           Conj/Ice/Air   ######....   98%         6    ##.....
 Animate Dead             Necr           N/A          99%         4    None
 Cause Fear               Hex            ####......   99%         4    None
 Ice Form                 Ice/Tmut       ####....     99%         4    None
 Olgreb's Toxic Radiance  Pois           ####....     99%         4    None
 Bolt of Cold             Conj/Ice       ######....   99%         6    ##.....
 Bolt of Fire             Conj/Fire      ######....   99%         6    ##.....
 Blade Hands              Tmut           ####......   100%        5    None
 Metabolic Englaciation   Hex/Ice        ####......   100%        5    None
 Yara's Violent Unravell  Hex/Tmut       ####......   100%        5    None
 Darkness                 Hex            ####......   100%        6    ##.....
 Dispersal                Tloc           ######....   100%        6    ##.....
 Invisibility             Hex            ####....     100%        6    ##.....
 Ozocubu's Refrigeration  Ice            ####......   100%        6    ##.....
 Simulacrum               Ice/Necr       ####......   100%        6    ##.....
 Haunt                    Necr/Summ      ######....   100%        7    ####...
 Ring of Flames           Chrm/Fire      ######....   100%        7    ####...
 Borgnjor's Revivificati  Necr           ####......   100%        8    ######.
 Death's Door             Chrm/Necr      ######....   100%        8    ######.
 Discord                  Hex            ####......   100%        8    ######.
 Ignition                 Fire           ####......   100%        8    ######.
 Infestation              Necr           ####......   100%        8    ######.
 Necromutation            Tmut/Necr      ####......   100%        8    ######.
 Shatter                  Erth           #######...   100%        9    #######
 Tornado                  Air            #######...   100%        9    #######
 Sublimation of Blood     Necr           Unusable     N/A         2    N/A
 Statue Form              Tmut/Erth      Unusable     N/A         6    N/A

Dungeon Overview and Level Annotations

Branches:
Dungeon (15/15)            Temple (1/1) D:4            Lair (6/6) D:8
 Shoals (4/4) Lair:2        Snake (4/4) Lair:2        Slime (4/5) Lair:5
    Orc (2/2) D:9             Elf (3/3) Orc:2        Vaults (4/5) D:14
  Crypt (3/3) Vaults:3       Tomb (1/3) Crypt:3      Depths (5/5) D:15
    Zot (0/5) Depths:5      IceCv (visited)          WizLab (visited)
Desolation (visited)

Altars:
Ashenzari
Cheibriados
Dithmenos
Elyvilon
Fedhas
Gozag
Hepliaklqana
Kikubaaqudgha
Makhleb
Nemelex Xobeh
Okawaru
Qazlal
Ru
Sif Muna
Trog
Uskayaw
Vehumet
Wu Jian
Xom
Yredelemnul
Zin
The Shining One
Jiyva

Shops:
D:4 =   D:5 }   D:12 ?   Orc:2 :%(?   Elf:1 ?(}%   Elf:2 [   Elf:3 [
Snake:3 =}}   Snake:4 =   Vaults:1 ([!(*

Portals:
Hell: Depths:1 Depths:2 Depths:3 Depths:4 Depths:5
Abyss: Depths:3
Pandemonium: Depths:1 Depths:2 Depths:3
Ziggurat: Depths:1


Innate Abilities, Weirdness & Mutations

You are resistant to torment.
Your stone body is resilient. (AC +20)
You are immune to poison.
Your large and strong wings let you fly indefinitely.
You resist negative energy. (rN+)
You are resistant to electric shocks. (rElec)
You can survive without breathing.
You are immune to petrification.
You are immune to rotting.
Scrolls take you a little longer to read.
You are dopey. (Int -2)


Message History

An azure jelly comes into view.
You hit the acid blob. You drain the acid blob.
Your hands burn!
The acid blob spits acid at you.
The splash of acid hits you but does no damage.
You are splashed with acid!
You whack the acid blob! You drain the acid blob.
Your hands burn!
The floating eye gazes piercingly through you!
You suddenly lose the ability to move!
The acid blob hits you but does no damage.
The acid blob spits acid at you.
The splash of acid hits you but does no damage.
The acid corrodes you!
You are splashed with acid!
* * * LOW HITPOINT WARNING * * *
The acid blob spits acid at you.
The splash of acid hits you but does no damage.
You are splashed with acid!
* * * LOW HITPOINT WARNING * * *
The acid blob hits you but does no damage.
The acid blob spits acid at you. The splash of acid hits you!
* * * LOW HITPOINT WARNING * * *
You are splashed with acid!
* * * LOW HITPOINT WARNING * * *
You can move again.
The floating eye seems to glare at you. The acid blob spits acid at you.
The splash of acid hits you but does no damage.
The acid corrodes you!
You are splashed with acid!
* * * LOW HITPOINT WARNING * * *
The acid blob spits acid at you.
The splash of acid hits you but does no damage.
You are splashed with acid!
* * * LOW HITPOINT WARNING * * *
You feel much better. You block the acid blob's attack.
The floating eye gazes piercingly through you!
You suddenly lose the ability to move!
The acid blob hits you but does no damage. x2
The acid blob spits acid at you.
The splash of acid hits you but does no damage.
You are splashed with acid!
* * * LOW HITPOINT WARNING * * *
The acid blob hits you but does no damage.
The acid blob hits you.
* * * LOW HITPOINT WARNING * * *
You are splashed with acid!
* * * LOW HITPOINT WARNING * * *
The acid blob hits you!
* * * LOW HITPOINT WARNING * * *
You are splashed with acid!
You die...

#...#.........##
##.......#....#.#...##
##......<.........#...##
#......................#
##.......#...............##......
#.........................#......
#.....................#..........
....##.<.........................
.... #......>...@G...............
... #..........JJ...............
.. ..............J...#...........
...#........................#..
..##.##....#.........>..........
. #............................#
##.#...........#..............
...........#........<.....#
.....#.....#...............


You could see 2 acid blobs, an azure jelly and a floating eye.

Vanquished Creatures
  Mara (Tomb:1)
  An ancient lich (Tomb:1)
  Mennas (Depths:5)
  2 juggernauts
  2 greater mummies (Tomb:1)
  The ghost of Osipn the Impregnable, a veteran MiGl of Hepliaklqana (Crypt:1)
  A curse toe (Crypt:3)
  A caustic shrike (Depths:1)
  Nikola (Shoals:4)
  3 golden dragons
  2 bone dragons
  A Cloud Mage (WizLab)
  Rupert (D:14)
  3 liches
  3 quicksilver dragons
  4 deep elf master archers (Elf:3)
  3 deep elf blademasters
  A kraken (Shoals:1)
  9 ancient champions
  Polyphemus (Shoals:3)
  5 acid blobs
  3 tengu reavers
  6 sphinxes
  A sphinx (shapeshifter) (Vaults:2)
  Gastronok (Lair:2)
  2 shadow dragons
  Agnes (Elf:1)
  A storm dragon (Depths:3)
  The ghost of Veikatil the Warrior, an adept FoFi of Okawaru (Elf:1)
  4 revenants
  3 nagarajas (Snake:4)
  A draconian knight (Depths:5)
  5 frost giants
  The ghost of Jussuw Iff the Bringer of Law, an adept KoGl of Zin (D:15)
  5 azure jellies
  7 fire giants
  An orc warlord (Orc:2)
  The ghost of Vicugh the Earth Mage, a journeyman GrEE of Okawaru (Lair:6)
  7 deep elf sorcerers
  2 iron dragons
  9 ghouls
  A draconian scorcher (Depths:5)
  3 curse skulls
  A balrug (Depths:2)
  4 deep elf elementalists (Elf:3)
  A caustic shrike zombie (Crypt:1)
  A reaper (IceCv)
  10 vault wardens
  25 ironheart preservers
  2 war gargoyles
  24 very ugly things
  6 spriggan defenders
  21 stone giants
  2 entropy weavers (Vaults:4)
  5 deep elf demonologists
  5 vampire knights
  2 bennus (Tomb:1)
  2 white draconians (Depths:5)
  2 green draconians (Depths:4)
  2 pale draconians
  A minotaur (Lair:1)
  6 deep elf annihilators
  A red draconian (Vaults:2)
  4 merfolk javelineers
  6 spark wasps
  3 purple draconians
  4 ettins
  11 deep elf death magi
  A green death (Depths:1)
  A crystal guardian (Vaults:3)
  6 blizzard demons
  2 death oozes (Slime:3)
  6 merfolk impalers
  An eidolon (Crypt:2)
  11 jiangshi
  4 fire dragons
  18 mummy priests
  7 deep elf high priests
  3 servants of whispers
  10 yaktaur captains
  12 ice dragons
  5 great orbs of eyes
  A quicksilver dragon skeleton (Crypt:3)
  7 hydras
  12 naga warriors
  7 ghost crabs (WizLab)
  9 vault guards
  3 rakshasas
  3 merfolk avatars (Shoals:4)
  21 anacondas
  The ghost of Bauqient the Spear-Bearer, a journeyman MfSu of Sif Muna (Lair:1)
  12 centaur warriors
  A peacekeeper (Desolation)
  3 alligator snapping turtles
  3 catoblepae
  62 two-headed ogres
  11 spriggan air magi
  7 merfolk aquamancers
  2 satyrs
  28 dancing weapons
  10 deep troll shamans
  20 ogre magi
  7 vampire magi
  Urug (Lair:2)
  A death yak (shapeshifter) (Depths:3)
  7 death yaks
  8 death scarabs (Tomb:1)
  12 deep troll earth magi
  3 orc high priests (Orc:2)
  23 tengu warriors
  6 death knights
  10 shock serpents
  2 titan zombies
  12 naga sharpshooters
  7 spriggan berserkers
  22 deep elf knights
  A storm dragon zombie (Vaults:4)
  7 soul eaters
  4 sun demons
  A titan skeleton (Crypt:1)
  7 iron trolls
  A salamander mystic (Lair:2)
  17 sea snakes
  3 spriggan druids (Depths:4)
  7 hell knights (Depths:1)
  A storm dragon skeleton (Vaults:4)
  4 shadow wraiths
  12 unseen horrors
  30 deep trolls
  8 flayed ghosts
  2 death drakes (WizLab)
  A ghost moth zombie (Tomb:1)
  A gelid demonspawn (Depths:2)
  34 skeletal warriors
  8 glowing orange brains
  5 naga ritualists
  An orange crystal statue (Elf:1)
  3 swamp dragons (Depths:4)
  A quicksilver dragon simulacrum (Depths:3)
  15 ironbrand convokers
  A shadow dragon zombie (Vaults:4)
  An obsidian statue (Depths:2)
  13 phantasmal warriors
  A golden dragon skeleton (Tomb:1)
  21 harpies
  74 deep elf magi
  13 orc knights
  14 deep elf archers
  3 wizards
  4 wolf spiders
  A wolf spider zombie (D:12)
  A shadow dragon skeleton (Tomb:1)
  2 tengu skeletons
  6 orc sorcerers
  8 necromancers
  6 mana vipers
  2 shining eyes
  6 cyclopes
  A sphinx zombie (Crypt:3)
  A sphinx skeleton (Vaults:3)
  3 human zombies
  A manticore (shapeshifter) (D:15)
  13 fauns
  An oklob plant (Shoals:2)
  34 ugly things
  21 manticores
  10 rust devils
  8 salamanders
  12 guardian serpents
  12 merfolk sirens
  A spriggan zombie (Depths:3)
  Psyche (D:9)
  4 water nymphs
  An iron dragon skeleton (Crypt:3)
  3 ice statues
  6 elephants
  A frost giant skeleton (Crypt:2)
  37 black mambas
  2 eyes of devastation
  Maurice (D:12)
  17 naga magi
  8 vault sentinels
  2 stone giant skeletons
  An eye of devastation (shapeshifter) (Depths:1)
  2 orange demons
  8 centaur skeletons
  A shock serpent skeleton (Crypt:3)
  9 komodo dragons
  14 spiny frogs
  A kobold demonologist (D:12)
  36 yaktaurs
  2 pale draconian zombies (Crypt:2)
  2 rime drakes
  13 freezing wraiths
  A ghost moth simulacrum (Crypt:2)
  5 human skeletons
  A tormentor (Depths:2)
  A hellwing (D:15)
  3 efreet
  5 tengu conjurers
  16 ice devils
  12 guardian mummies
  4 red devils
  33 merfolk
  A sea snake skeleton (Crypt:3)
  A golden dragon simulacrum (Crypt:2)
  A white draconian skeleton (Crypt:1)
  A jumping spider (Vaults:4)
  A queen bee (Lair:6)
  4 trolls
  4 meliai (Lair:6)
  3 polar bears
  15 hornets
  8 wind drakes
  57 slime creatures
  7 saltlings
  A harpy skeleton (Vaults:1)
  18 blink frogs
  9 snapping turtles
  6 dream sheep (Lair:6)
  A meliai zombie (D:12)
  3 ettin zombies
  A stone giant simulacrum (Tomb:1)
  12 hippogriffs
  A centaur simulacrum (D:15)
  An alligator zombie (Crypt:1)
  2 redbacks (Vaults:4)
  12 air elementals
  An ice dragon skeleton (Crypt:3)
  9 wraiths
  14 flying skulls
  7 shadows
  A frost giant simulacrum (Vaults:1)
  A black mamba zombie (Tomb:1)
  A ynoxinul (Depths:2)
  41 yaks
  3 ettin skeletons (Vaults:3)
  A fire dragon skeleton (Tomb:1)
  11 spriggans
  15 water elementals
  A tarantella (shapeshifter) (Depths:4)
  A vampire (D:15)
  8 wyverns
  3 basilisks
  A fire elemental (Depths:2)
  6 ushabtiu
  4 vampire mosquitoes
  5 golden eyes
  A golden eye (shapeshifter) (Vaults:2)
  2 hogs (shapeshifter)
  A redback simulacrum (D:15)
  A wind drake skeleton (Crypt:3)
  4 hungry ghosts
  3 steam dragons (Depths:5)
  A two-headed ogre zombie (Crypt:3)
  44 nagas
  3 wargs
  A water nymph zombie (Crypt:1)
  2 acid dragons
  A monstrous demonspawn zombie (Crypt:1)
  21 water moccasins
  13 porcupines
  A swamp drake (shapeshifter) (Vaults:4)
  4 hell hounds (Depths:3)
  3 hornet zombies
  A lindwurm zombie (Crypt:2)
  34 orc warriors
  An elf zombie (Vaults:4)
  4 ice beasts
  An ice beast (shapeshifter) (Vaults:2)
  4 sky beasts
  A snapping turtle zombie (Crypt:3)
  3 ettin simulacra
  2 eyes of draining
  3 necrophages
  53 ogres
  4 wolves (Lair:6)
  A blink frog zombie (Crypt:2)
  23 boggarts
  An eye of draining (shapeshifter) (Elf:1)
  3 phantoms
  3 snapping turtle skeletons
  A blink frog skeleton (Crypt:1)
  25 centaurs
  A crocodile (shapeshifter) (Vaults:2)
  10 crocodiles
  3 big kobolds
  A hippogriff zombie (Crypt:1)
  18 bullfrogs
  3 earth elementals (Elf:1)
  A wyvern zombie (D:14)
  A wyvern skeleton (D:13)
  A warg zombie (Crypt:1)
  9 scorpions
  29 killer bees
  2 troll zombies (D:9)
  An orc simulacrum (Vaults:2)
  5 wights (D:15)
  A wolf zombie (Crypt:3)
  4 howler monkeys
  4 electric eels
  16 crimson imps
  A bullfrog zombie (D:11)
  2 quasits
  A wolf skeleton (Crypt:2)
  Crazy Yiuf (D:6)
  A demonspawn zombie (Crypt:2)
  6 hounds
  6 jellies
  28 orc priests
  2 bullfrog skeletons (D:12)
  3 iron imps
  30 orc wizards
  5 iguanas
  12 worker ants
  A crocodile zombie (Crypt:3)
  An acid dragon zombie (Crypt:1)
  6 ogre zombies (D:9)
  An ogre skeleton (Tomb:1)
  2 hound skeletons (D:5)
  21 mummies
  A worker ant zombie (D:10)
  22 adders
  3 gnolls (D:9)
  5 shadow imps
  16 white imps
  7 ufetubi (IceCv)
  An adder zombie (D:6)
  2 oozes (D:6)
  2 adder skeletons
  An iguana skeleton (Crypt:3)
  A lava snake skeleton (Crypt:2)
  4 worms
  3 dart slugs
  9 leopard geckos
  138 orcs
  2 ball pythons
  5 giant cockroaches
  10 goblins
  12 hobgoblins
  14 jackals
  4 quokkas
  A ball python skeleton (D:6)
  9 bats
  4 frilled lizards
  3 goblin skeletons
  3 goblin zombies (D:9)
  2 hobgoblin skeletons
  3 hobgoblin zombies (D:9)
  A jackal zombie (D:9)
  15 kobolds
  2 leopard gecko skeletons (D:5)
  2 orc skeletons (D:9)
  14 orc zombies (D:9)
  8 rats
  A pillar of salt (Vaults:4)
  3 tentacles (Shoals:1)
2568 creatures vanquished.

Vanquished Creatures (collateral kills)
  3 nagarajas (Snake:4)
  A very ugly thing (Vaults:4)
  A naga warrior (Snake:4)
  An alligator snapping turtle (Shoals:3)
  A queen bee (Lair:6)
  2 nagas (Snake:4)
9 creatures vanquished.

Vanquished Creatures (others)
  A spark wasp (WizLab)
  2 deep elf knights (Elf:2)
  A quicksilver dragon simulacrum (Depths:3)
  An unseen horror (shapeshifter) (D:14)
  2 deep elf magi (Elf:2)
  A floating eye (Depths:3)
  3 ettin simulacra (Depths:3)
  An ogre (Depths:1)
  4 white imps (IceCv)
  4 ufetubi (IceCv)
  An orc (Vaults:4)
  10 fungi
  A pillar of salt (Vaults:4)
  36 plants
  52 tentacles
120 creatures vanquished.

Grand Total: 2697 creatures vanquished

Notes
Turn   | Place    | Note
-------+----------+-------------------------------------------
     0 | D:1      | Sphyrna the Gargoyle Earth Elementalist began the quest for
                  | the Orb.
     0 | D:1      | Reached XP level 1. HP: 10/10 MP: 3/3
   737 | D:1      | Reached XP level 2. HP: 16/16 MP: 5/5
  1277 | D:1      | Reached skill level 1 in Fighting
  1551 | D:1      | Reached XP level 3. HP: 12/20 MP: 6/6
  1872 | D:2      | Found a hazy altar of Hepliaklqana.
  2078 | D:2      | Reached XP level 4. HP: 26/26 MP: 7/7
  2085 | D:2      | Learned a level 3 spell: Stone Arrow
  2136 | D:2      | Found a blossoming altar of Fedhas.
  2268 | D:2      | Reached skill level 5 in Earth Magic
  2714 | D:2      | Reached XP level 5. HP: 30/30 MP: 9/9
  3504 | D:3      | Reached XP level 6. HP: 34/36 MP: 10/10
  3511 | D:3      | Learned a level 5 spell: Lee's Rapid Deconstruction
  3527 | D:3      | Found a shadowy altar of Dithmenos.
  4332 | D:4      | Found a staircase to the Ecumenical Temple.
  4336 | Temple   | Entered the Ecumenical Temple
  4510 | D:4      | Found a shimmering altar of Xom.
  4510 | D:4      | Found a shimmering altar of Xom.
  4513 | D:4      | Found a shimmering altar of Xom.
  4513 | D:4      | Found a shimmering altar of Xom.
  4514 | D:4      | Found a shimmering altar of Xom.
  4514 | D:4      | Found a shimmering altar of Xom.
  4514 | D:4      | Found a shimmering altar of Xom.
  4516 | D:4      | Found a shimmering altar of Xom.
  4670 | D:4      | Found Paeguhy's Jewellery Emporium.
  4937 | D:4      | Reached XP level 7. HP: 37/41 MP: 12/12
  5103 | D:5      | Entered Level 5 of the Dungeon
  5320 | D:5      | Found a shattered altar of Ashenzari.
  5516 | D:5      | Reached skill level 1 in Conjurations
  5529 | D:5      | Reached skill level 1 in Armour
  5843 | D:5      | Found Nygg's Gadget Emporium.
  6036 | D:6      | Got a fine bardiche
  6170 | D:5      | Reached XP level 8. HP: 38/48 MP: 0/14
  6460 | D:6      | Found a snail-covered altar of Cheibriados.
  6841 | D:6      | Found an opulent altar of Gozag.
  6873 | D:6      | Got a pair of encrusted boots
  6879 | D:6      | Identified the +3 pair of boots of the Everdark {Int+2}
                  | (You found it on level 6 of the Dungeon)
  7061 | D:6      | Found a runed translucent door.
  7062 | D:6      | Noticed Crazy Yiuf
  7642 | D:7      | Found a glowing golden altar of the Shining One.
  7700 | D:7      | Noticed a troll
  7756 | D:7      | Killed a troll
  7756 | D:7      | Reached skill level 5 in Fighting
  7756 | D:7      | Reached XP level 9. HP: 54/54 MP: 2/16
  7854 | D:7      | Found a hide-covered altar of Uskayaw.
  7869 | D:7      | Reached skill level 5 in Conjurations
  8203 | D:7      | Noticed a two-headed ogre
  8368 | D:7      | Reached skill level 5 in Spellcasting
  8625 | D:7      | Got a dull robe
  8989 | D:7      | Reached skill level 10 in Earth Magic
  9426 | D:7      | Found a glowing silver altar of Zin.
  9595 | D:7      | Found a shimmering blue altar of Sif Muna.
  9650 | D:8      | Found an iron altar of Okawaru.
  9650 | D:8      | Found an ornate altar of the Wu Jian Council.
  9650 | D:8      | Found a basalt altar of Yredelemnul.
  9830 | D:8      | Reached skill level 1 in Maces & Flails
  9865 | D:8      | Became a worshipper of Warmaster Okawaru
  9973 | D:8      | Reached XP level 10. HP: 48/60 MP: 18/18
 10155 | D:8      | Reached skill level 5 in Armour
 10381 | D:8      | Found a staircase to the Lair.
 10546 | D:9      | Noticed a cyclops
 10653 | D:9      | Noticed Psyche
 10669 | D:9      | Killed Psyche
 10803 | D:9      | Found a staircase to the Orcish Mines.
 10875 | D:9      | Reached * piety under Okawaru
 11563 | D:9      | Killed a cyclops
 11636 | D:9      | Reached ** piety under Okawaru
 11697 | D:9      | Identified the +8 bardiche of Urgency {drain, rPois rF+}
                  | (You found it on level 6 of the Dungeon)
 12000 | D:9      | Noticed a two-headed ogre
 12032 | D:9      | Killed a two-headed ogre
 12032 | D:9      | Reached XP level 11. HP: 67/67 MP: 4/20
 12498 | D:7      | Found a glowing golden altar of the Shining One.
 12576 | D:7      | Killed a two-headed ogre
 12576 | D:7      | Reached *** piety under Okawaru
 12576 | D:7      | Reached skill level 5 in Maces & Flails
 12720 | D:6      | Killed Crazy Yiuf
 12836 | D:10     | Entered Level 10 of the Dungeon
 13332 | D:10     | Learned a level 4 spell: Summon Lightning Spire
 13476 | D:10     | Reached **** piety under Okawaru
 13926 | D:11     | Noticed a purple ugly thing
 13930 | D:11     | Noticed a purple ugly thing
 13949 | D:10     | Killed a purple ugly thing
 14060 | D:11     | Killed a purple ugly thing
 14220 | D:11     | Reached skill level 1 in Summonings
 14330 | D:11     | Reached skill level 1 in Air Magic
 14384 | D:11     | Noticed a manticore
 14392 | D:11     | Killed a manticore
 14427 | D:11     | Noticed a red ugly thing
 14438 | D:11     | Killed a red ugly thing
 14724 | D:11     | Reached ***** piety under Okawaru
 14756 | D:11     | Killed an unseen horror
 14981 | D:11     | Got a dazzling flail
 14987 | D:11     | Identified the cursed +1 flail of Ozenir {crush, MR+ Str-4
                  | Dex+4} (You found it on level 11 of the Dungeon)
 16008 | Lair:1   | Entered Level 1 of the Lair of Beasts
 16008 | Lair:1   | Found a runed translucent gate.
 16009 | Lair:1   | Found a runed translucent gate.
 16037 | D:8      | Reached XP level 12. HP: 36/74 MP: 22/22
 16359 | Lair:1   | Found a runed translucent gate.
 16712 | Lair:1   | Noticed Bauqient's ghost (journeyman MfSu)
 16713 | Lair:1   | Noticed a minotaur
 17832 | Lair:2   | Noticed Gastronok
 18429 | Lair:2   | Killed Gastronok
 18429 | Lair:2   | Received a gift from Okawaru
 18461 | Lair:2   | Noticed an eight-headed hydra
 18679 | Lair:1   | Killed an eight-headed hydra
 18767 | Lair:2   | Found a staircase to the Snake Pit.
 19270 | Lair:2   | Noticed Urug
 19296 | Lair:2   | Killed Urug
 19716 | Lair:2   | Found a staircase to the Shoals.
 19730 | Lair:2   | Received a gift from Okawaru
 19733 | Lair:2   | Got a faintly glowing broad axe {god gift}
 19743 | Lair:2   | Identified the +4 broad axe "Duxkiq" {elec, +Fly rElec MP-9
                  | Str+4} (Okawaru gifted it to you on level 2 of the Lair of
                  | Beasts)
 20277 | D:4      | Bought the amulet of the Four Winds {rN+ MR+++ Clar} for
                  | 570 gold pieces
 20277 | D:4      | Found the amulet of the Four Winds {rN+ MR+++ Clar}
 20764 | Lair:3   | Reached XP level 13. HP: 79/80 MP: 1/24
 21893 | Lair:3   | Received a gift from Okawaru
 22754 | Lair:4   | Found the +8 whip "Snakebite" {curare, rPois}
 23687 | Lair:5   | Identified the Papyrus of Intoxication and Unholy Rituals
 24018 | Lair:5   | Found a staircase to the Slime Pits.
 24071 | Lair:5   | Found a viscous altar of Jiyva.
 24527 | Lair:6   | Entered Level 6 of the Lair of Beasts
 24563 | Lair:6   | Reached skill level 1 in Invocations
 24849 | Lair:6   | Reached skill level 5 in Summonings
 24971 | Lair:6   | Found a transporter.
 24973 | Lair:6   | Found a transporter.
 24975 | Lair:6   | Noticed Vicugh's ghost (journeyman GrEE)
 25275 | Lair:6   | Received a gift from Okawaru
 25306 | Lair:6   | Reached skill level 5 in Air Magic
 25422 | Lair:6   | Gained mutation: Your large and strong wings let you fly
                  | indefinitely. [Gargoyle growth]
 25422 | Lair:6   | Reached XP level 14. HP: 85/87 MP: 8/26
 25710 | Lair:6   | Reached skill level 10 in Maces & Flails
 26599 | Lair:6   | Received a gift from Okawaru
 26599 | Lair:6   | Reached skill level 10 in Fighting
 26613 | Lair:6   | Reached skill level 1 in Shields
 27215 | Lair:6   | Reached ****** piety under Okawaru
 27215 | Lair:6   | Reached skill level 2 in Shields
 28222 | D:12     | Noticed Maurice
 28647 | D:12     | Found Moazyad's Magic Scroll Emporium.
 28660 | D:12     | Bought a scroll of noise for 15 gold pieces
 28660 | D:12     | Bought a scroll of identify for 30 gold pieces
 28660 | D:12     | Bought a scroll of identify for 30 gold pieces
 28660 | D:12     | Bought a scroll of amnesia for 52 gold pieces
 28660 | D:12     | Bought a scroll of identify for 30 gold pieces
 28684 | D:12     | Reached skill level 3 in Shields
 28882 | D:12     | Killed Maurice
 29355 | D:12     | You fall into a shaft and drop 2 floors!
 29725 | D:14     | Received a gift from Okawaru
 29761 | D:14     | Identified a +2 pair of boots of running (Okawaru gifted it
                  | to you on level 14 of the Dungeon)
 29847 | D:14     | Reached skill level 4 in Shields
 29856 | D:14     | Found a gate to the Vaults.
 29856 | D:14     | Noticed an ironheart preserver
 29884 | D:14     | Killed an ironheart preserver
 30560 | D:13     | Found a frozen archway.
 30596 | IceCv    | Entered an ice cave
 30782 | IceCv    | Reached XP level 15. HP: 87/93 MP: 15/28
 31353 | IceCv    | Reached skill level 5 in Shields
 31358 | IceCv    | Reached skill level 10 in Armour
 31917 | IceCv    | Got a twisted demon trident
 32320 | D:13     | Reached skill level 5 in Invocations
 33590 | D:12     | Reached skill level 6 in Shields
 34339 | Orc:1    | Entered Level 1 of the Orcish Mines
 34877 | Orc:2    | Entered Level 2 of the Orcish Mines
 35063 | Orc:1    | Received a gift from Okawaru
 36033 | Orc:2    | Found a staircase to the Elven Halls.
 36199 | Orc:2    | Noticed an orc warlord
 36224 | Orc:2    | Killed an orc warlord
 36503 | Orc:2    | Received a gift from Okawaru
 36521 | Orc:2    | Reached skill level 7 in Shields
 36996 | Orc:2    | Found Guphiydi's Book Boutique.
 37002 | Orc:2    | Found Uloemon's Antique Weapon Shoppe.
 37004 | Orc:2    | Found Keehoum's Magic Scroll Boutique.
 37005 | Orc:2    | Found Sehepsuo's Food Shoppe.
 37075 | Orc:2    | Identified the +7 demon trident "Zaiduar" {flame, rN+ Str+5
                  | Dex-5} (You found it in an ice cave)
 37617 | D:14     | Noticed Rupert
 37690 | D:14     | Killed Rupert
 38181 | D:15     | Entered Level 15 of the Dungeon
 38218 | D:14     | Reached skill level 8 in Shields
 38805 | D:15     | Noticed a lich
 38805 | D:15     | Noticed Jussuw Iff's ghost (adept KoGl)
 38851 | D:15     | Received a gift from Okawaru
 38851 | D:15     | Reached XP level 16. HP: 82/100 MP: 29/29
 38852 | D:15     | Found the +5 demon whip "Spellbinder" {antimagic, MR+}
 39000 | D:15     | Found a staircase to the Depths.
 39746 | D:15     | Reached skill level 10 in Spellcasting
 39800 | D:15     | Found a runed translucent door.
 39885 | D:15     | Found a runed translucent door.
 40299 | D:15     | Reached skill level 9 in Shields
 41027 | Snake:1  | Entered Level 1 of the Snake Pit
 41205 | Snake:1  | Received a gift from Okawaru
 41300 | Snake:1  | Got a scorched scale mail {god gift}
 41314 | Lair:2   | Identified the +2 scale mail of the Teacher {rC++ rCorr
                  | Str+2 Int+2} (Okawaru gifted it to you on level 1 of the
                  | Snake Pit)
 42403 | Snake:1  | Reached skill level 10 in Shields
 45142 | Snake:3  | Reached skill level 11 in Shields
 45896 | Snake:3  | Found Kaukaetz's Jewellery Emporium.
 45896 | Snake:3  | Found Puage's Gadget Boutique.
 45897 | Snake:3  | Found Koucan's Gadget Boutique.
 45942 | Snake:4  | Entered Level 4 of the Snake Pit
 45964 | Snake:4  | Received a gift from Okawaru
 45964 | Snake:4  | Reached XP level 17. HP: 94/108 MP: 29/31
 47404 | Snake:4  | Reached skill level 12 in Shields
 47627 | Snake:4  | Received a gift from Okawaru
 47852 | Snake:4  | Found Nirusup's Jewellery Boutique.
 49875 | Snake:4  | HP: 4/108 [nagaraja/orb of energy (13)]
 50420 | Snake:4  | Received a gift from Okawaru
 50750 | Snake:4  | Got a serpentine rune of Zot
 50934 | Shoals:1 | Entered Level 1 of the Shoals
 50943 | Lair:2   | Reached XP level 18. HP: 108/114 MP: 30/33
 51354 | Shoals:1 | Reached skill level 13 in Shields
 51401 | Shoals:1 | Identified a scroll of acquirement
 52164 | Shoals:1 | Learned a level 6 spell: Deflect Missiles
 52610 | Shoals:1 | Reached skill level 1 in Charms
 52644 | Shoals:1 | Received a gift from Okawaru
 53258 | Shoals:2 | Identified the Catalogue of Ashen Hexes
 53267 | Shoals:2 | Learned a level 6 spell: Iron Shot
 54223 | Shoals:2 | Got a slimy scale mail
 54260 | Shoals:2 | Identified the +1 scale mail of Love and Death {Stlth+}
                  | (You found it on level 2 of the Shoals)
 54570 | Shoals:2 | Found a glowing silver altar of Zin.
 54994 | Shoals:2 | Received a gift from Okawaru
 54997 | Shoals:2 | Got a pair of spiked boots {god gift}
 55237 | Shoals:2 | Identified the +2 pair of boots of Analysis {rElec rPois
                  | Int+6 Dex-2} (Okawaru gifted it to you on level 2 of the
                  | Shoals)
 55272 | Shoals:3 | Learned a level 2 spell: Blink
 55274 | Shoals:3 | Got a bloodstained ring mail
 55303 | Shoals:3 | Identified the cursed +0 ring mail "Mismicown" {-Tele
                  | Regen+ Stlth+} (You found it on level 3 of the Shoals)
 58195 | Shoals:4 | Entered Level 4 of the Shoals
 58450 | Shoals:4 | Reached skill level 1 in Translocations
 58710 | Shoals:4 | Noticed Nikola
 58807 | Shoals:4 | Killed Nikola
 59604 | Shoals:4 | Noticed Polyphemus
 60187 | Shoals:3 | Reached XP level 19. HP: 105/120 MP: 34/34
 60288 | Shoals:3 | Killed Polyphemus
 61195 | Shoals:4 | Received a gift from Okawaru
 61292 | Shoals:4 | Reached skill level 14 in Shields
 61793 | Shoals:4 | Got a barnacled rune of Zot
 64424 | Vaults:1 | Entered Level 1 of the Vaults
 64424 | Vaults:1 | Found Diucwunn's General Store.
 64426 | Vaults:1 | Got an encrusted battleaxe
 64434 | Vaults:1 | Identified the +4 battleaxe of Jioc {antimagic, rF+ SInv}
                  | (You found it on level 1 of the Vaults)
 65805 | Vaults:1 | Reached skill level 5 in Charms
 66090 | Vaults:1 | Found Gant's Antique Armour Boutique.
 66243 | Vaults:1 | Bought a scorched ring mail for 378 gold pieces
 66262 | Vaults:1 | Identified the +4 ring mail of Luniala {+Blink rN+ Dex-3
                  | SInv} (You bought it in a shop on level 1 of the Vaults)
 66432 | Vaults:1 | Received a gift from Okawaru
 66878 | Vaults:1 | Found Zucieq's Antique Weapon Emporium.
 66882 | Vaults:1 | Found Buoginte's Distillery.
 67066 | Vaults:1 | Bought a potion of heal wounds for 80 gold pieces
 67369 | Vaults:1 | Identified the +7 trident "Leri" {drain, rPois rN+ Str-5
                  | Dex+6}
 67785 | Vaults:1 | Received a gift from Okawaru
 67802 | Vaults:1 | Reached XP level 20. HP: 119/127 MP: 17/36
 67913 | Vaults:1 | Got a crude robe {god gift}
 68048 | Vaults:1 | Identified the +2 robe of Light {rC- MR++ Int+6} (Okawaru
                  | gifted it to you on level 1 of the Vaults)
 68073 | Vaults:1 | Identified Rubyzugi's Disquisition on the Creative
                  | Traveller
 68077 | Vaults:1 | Learned a level 1 spell: Apportation
 68895 | Vaults:1 | Found Kyotal's Antique Weapon Shop.
 69823 | Vaults:2 | Reached skill level 15 in Shields
 70100 | Vaults:2 | Reached skill level 10 in Conjurations
 71009 | Vaults:2 | Received a gift from Okawaru
 72387 | Vaults:2 | Identified the +3 leather armour of Paalist {rPois rF+
                  | Dex+9 Stlth-}
 73168 | Vaults:2 | Reached XP level 21. HP: 132/132 MP: 37/37
 73820 | Vaults:2 | Received a gift from Okawaru
 74446 | Vaults:3 | Reached skill level 5 in Stealth
 75278 | Vaults:3 | Reached skill level 15 in Fighting
 75515 | Vaults:3 | You are sucked into a shaft and drop 1 floor!
 75552 | Vaults:4 | Reached skill level 15 in Earth Magic
 75652 | Vaults:4 | Received a gift from Okawaru
 75681 | Vaults:4 | Found a ruined gateway.
 75699 | Desolati | Entered the Desolation of Salt
 76074 | Vaults:4 | Found the +7 Kryia's mail coat {PotionHeal*2 rC+}
 77728 | Vaults:3 | Reached XP level 22. HP: 140/140 MP: 39/39
 78077 | Vaults:3 | Received a gift from Okawaru
 78139 | Vaults:3 | Found a staircase to the Crypt.
 79221 | Vaults:4 | Reached skill level 16 in Shields
 80244 | Vaults:4 | Received a gift from Okawaru
 80252 | Vaults:4 | Got a distressingly furry buckler {god gift}
 80264 | Vaults:4 | Identified the +4 buckler of Lilumnu {rN+ Stlth+} (Okawaru
                  | gifted it to you on level 4 of the Vaults)
 80779 | Elf:1    | Entered Level 1 of the Elven Halls
 80980 | Elf:1    | Found Setosoiw's Magic Scroll Emporium.
 80981 | Elf:1    | Found Pejajoz's Gadget Shoppe.
 80981 | Elf:1    | Found Dyoroiriek's Weapon Emporium.
 81037 | Elf:1    | Found Useec's Food Shoppe.
 81498 | Elf:1    | Noticed Agnes
 81840 | Elf:1    | Found a runed translucent door.
 81840 | Elf:1    | Noticed Veikatil's ghost (adept FoFi)
 82022 | Elf:1    | Killed Veikatil's ghost
 82026 | Elf:1    | Got a fine shortbow
 82405 | Elf:1    | Got a bone falchion
 82676 | Elf:1    | Killed Agnes
 82880 | Elf:2    | Reached skill level 10 in Stealth
 83482 | Elf:2    | Found Pieshubb's Antique Armour Shop.
 83489 | Elf:2    | Bought a runed ring mail for 161 gold pieces
 83489 | Elf:2    | Bought a runed helmet for 172 gold pieces
 83570 | Elf:2    | Found a runed translucent gate.
 83570 | Elf:2    | Found a runed translucent gate.
 83583 | Elf:2    | Found a runed translucent gate.
 84174 | Elf:3    | Entered Level 3 of the Elven Halls
 84458 | Elf:3    | Reached skill level 15 in Maces & Flails
 84478 | Elf:3    | Reached XP level 23. HP: 121/146 MP: 26/40
 85042 | Elf:3    | Found a radiant altar of Vehumet.
 85391 | Elf:3    | Received a gift from Okawaru
 85411 | Elf:3    | Found Ymedoymp's Antique Armour Emporium.
 85487 | Elf:3    | Bought a pair of runed gloves for 307 gold pieces
 85712 | Elf:3    | Identified the +7 rapier of Viffa {pierce, Str+3 Int+5}
 85712 | Elf:3    | Identified the ring "Caebait" {rC+ Str+2}
 85746 | Elf:3    | Reached skill level 17 in Shields
 86451 | Elf:3    | Received a gift from Okawaru
 86621 | Elf:3    | Identified the +7 scimitar "Quxanet" {protect, rElec rPois
                  | Str+2 Dex-2}
 87443 | Elf:3    | Identified the +7 hand axe of the Asp {vamp, Int+3}
 87621 | Elf:3    | Found the +0 sword of Power
 87762 | Elf:3    | Identified the Disquisition on Unholy Secrets
 89024 | Vaults:1 | Bought a +1 antimagic eveningstar for 780 gold pieces
 89098 | Depths:1 | Entered Level 1 of the Depths
 89919 | D:15     | Upgraded the game from 0.24.0-2-g5b39cebb1c to
                  | 0.24.0-3-g28a8eb0610
 90651 | Depths:1 | Received a gift from Okawaru
 90824 | Depths:1 | Found a gateway to Hell.
 90931 | Depths:1 | Found a one-way gate leading to the halls of Pandemonium.
 91185 | Depths:1 | Found a gateway to a ziggurat.
 91377 | Depths:1 | Reached XP level 24. HP: 135/152 MP: 41/41
 91454 | Depths:1 | Found an opulent altar of Gozag.
 94881 | Depths:2 | Reached skill level 18 in Shields
 94942 | Depths:2 | Noticed a caustic shrike
 94956 | Depths:1 | Killed a caustic shrike
 95379 | Depths:2 | Received a gift from Okawaru
 95549 | Depths:2 | Noticed a juggernaut
 95592 | Depths:1 | Killed a juggernaut
 97934 | Depths:3 | Noticed a juggernaut
 98082 | Depths:2 | Killed a juggernaut
 98830 | Depths:3 | Found a snail-covered altar of Cheibriados.
 98915 | Depths:3 | Received a gift from Okawaru
 99510 | Depths:3 | Reached XP level 25. HP: 105/159 MP: 6/41
100458 | Depths:3 | Found an iron altar of Okawaru.
101438 | Depths:3 | Found a stormy altar of Qazlal.
101563 | Depths:3 | Found a shimmering blue altar of Sif Muna.
101563 | Depths:3 | Found a one-way gate to the infinite horrors of the Abyss.
101628 | Depths:3 | Reached skill level 10 in Charms
102840 | Depths:4 | Received a gift from Okawaru
102850 | Depths:3 | Reached skill level 19 in Shields
104013 | Depths:4 | Reached skill level 5 in Dodging
104022 | Depths:5 | Entered Level 5 of the Depths
104110 | Depths:5 | Found a flickering gateway to a bazaar.
104138 | Bazaar   | Entered a bazaar
104157 | Bazaar   | Found Cudun's General Store.
104185 | Bazaar   | Found Koecom's Armour Shoppe.
104185 | Bazaar   | Found Ladeiwiq's Antique Armour Emporium.
104230 | Bazaar   | Bought the +16 crystal plate armour of the Great Game
                  | {rPois Str+3 Int+10 Dex+4} for 1940 gold pieces
104563 | Depths:5 | Noticed Mennas
104624 | Depths:5 | Killed Mennas
104828 | D:12     | Bought a scroll of brand weapon for 300 gold pieces
104984 | Elf:1    | Bought a scroll of brand weapon for 340 gold pieces
105271 | Lair:6   | Killed Vicugh's ghost
105402 | Lair:1   | Killed Bauqient's ghost
105692 | D:15     | Killed Jussuw Iff's ghost
105802 | D:15     | Got a blackened cloak
105813 | D:15     | Identified the cursed -1 cloak of Ebbitz {Int+4 Dex+3} (You
                  | found it on level 15 of the Dungeon)
106440 | Depths:4 | Reached XP level 26. HP: 166/166 MP: 41/41
106637 | Depths:5 | Received a gift from Okawaru
106667 | Depths:5 | Got a slimy hand crossbow {god gift}
106673 | Depths:5 | Identified the +8 hand crossbow "Z" {velocity, Str+4 Dex+2}
                  | (Okawaru gifted it to you on level 5 of the Depths)
107619 | Depths:5 | Found a gate to the Realm of Zot.
107718 | Depths:5 | Upgraded the game from 0.24.0-3-g28a8eb0610 to
                  | 0.24.0-10-g970556be89
108028 | Crypt:1  | Entered Level 1 of the Crypt
108047 | Crypt:1  | Reached skill level 15 in Spellcasting
108267 | Crypt:1  | Received a gift from Okawaru
108276 | Crypt:1  | Got a pair of dazzling boots {god gift}
108361 | Crypt:1  | Identified the +0 pair of boots of Akepny {rN+ MR+}
                  | (Okawaru gifted it to you on level 1 of the Crypt)
108915 | Crypt:1  | Identified the ring "Tibes" {rElec rF+ rN+ Str+2}
109510 | Crypt:1  | Found a runed translucent gate.
109510 | Crypt:1  | Found a runed translucent gate.
109511 | Crypt:1  | Found a runed translucent gate.
109511 | Crypt:1  | Noticed Osipn's ghost (veteran MiGl)
109751 | Crypt:1  | Killed Osipn's ghost
109751 | Crypt:1  | Reached skill level 15 in Armour
110766 | Crypt:3  | Entered Level 3 of the Crypt
110873 | Crypt:3  | Reached skill level 20 in Shields
111014 | Crypt:3  | Found a magical portal.
111585 | WizLab   | Received a gift from Okawaru
111848 | WizLab   | Identified the +2 robe "Miecriec" {rC+}
112006 | WizLab   | Got a coiled ivory ring
112012 | WizLab   | Identified the Volume of the Birds
112140 | Crypt:3  | Identified a +0 pair of boots of running (You found it in a
                  | wizard's laboratory)
112174 | Crypt:3  | Identified the ring "Giasmo" {+Fly rPois Str+4} (You found
                  | it in a wizard's laboratory)
112385 | Crypt:3  | Found a staircase to the Tomb.
112492 | Crypt:3  | Reached XP level 27. HP: 149/172 MP: 8/42
112991 | Crypt:3  | Identified the ring of Accord {rElec rPois rC+ rN+}
112992 | Crypt:3  | Identified the +7 morningstar of Unpleasantness {speed,
                  | *Corrode rPois Int-3 Dex+9}
112992 | Crypt:3  | Identified the ring "Honuu" {rN+ MR+}
112993 | Crypt:3  | Identified the ring of Beschu {rElec rN+ Dex-3 Slay+5 SInv}
113580 | Crypt:3  | Found an ancient bone altar of Kikubaaqudgha.
113677 | Crypt:3  | Found a basalt altar of Yredelemnul.
113749 | Crypt:3  | Found the +7 captain's cutlass {speed, disarm}
113825 | Tomb:1   | Entered Level 1 of the Tomb of the Ancients
114312 | Tomb:1   | Received a gift from Okawaru
114315 | Tomb:1   | Got a pair of slimy gloves {god gift}
114337 | Tomb:1   | Identified the +0 pair of gloves "Fakygh" {+Blink rN+}
                  | (Okawaru gifted it to you on level 1 of the Tomb of the
                  | Ancients)
114924 | Tomb:1   | Noticed an ancient lich
114967 | Tomb:1   | Killed an ancient lich
115527 | Tomb:1   | Noticed a greater mummy
115533 | Tomb:1   | Noticed a greater mummy
115925 | Tomb:1   | Killed a greater mummy
115978 | Tomb:1   | Noticed Mara
115992 | Tomb:1   | Noticed Sphyrna's illusion
115997 | Tomb:1   | Killed a greater mummy
116916 | Tomb:1   | Noticed Sphyrna's illusion
116935 | Tomb:1   | Killed Mara
117664 | Slime:1  | Entered Level 1 of the Pits of Slime
117837 | Slime:1  | Gained mutation: You are dopey. (Int -2) [a shining eye]
118196 | Slime:3  | Reached skill level 10 in Air Magic
118577 | Slime:4  | Gained mutation: Scrolls take you a little longer to read.
                  | [a shining eye]
119015 | Slime:3  | Paralysed by a floating eye for 2 turns
119023 | Slime:3  | Paralysed by a floating eye for 3 turns
119026 | Slime:3  | HP: 7/174 [acid blob (16)]
119026 | Slime:3  | Splashed by an acid blob's acid

Levels and vault maps discovered:
D:1:      arrival_zaba_pyramid, layout_basic
D:2:      layout_basic, nicolae_overflow_hidden_temple,
          overflow_temple_1_default
D:3:      layout_basic, nicolae_dithmenos_shadow_blocks, st_stairs_7
D:4:      layout_loops_ring, minmay_temple_entry_ruins, serial_shops, shop,
          xom_redecorated
D:5:      layout_basic, overflow_temple_1_default, first_ration, serial_shops,
          shop
D:6:      layout_layer_cave, old_standard_altar, cheibrodos_worm_habitat,
          minivault_11, uniq_crazy_yiuf_cottage
D:7:      minmay_the_grid_four_pointed_star
          [minmay_the_grid_triangle_9x9_checkered,
          minmay_the_grid_triangle_9x9_skeleton,
          minmay_the_grid_triangle_9x9_windchime,
          minmay_the_grid_triangle_9x9_thin_v,
          minmay_the_grid_prize_four_corners_diamond_a], layout_loops_corners,
          nicolae_overflow_crystal_walls, lemuel_coloured_pillars_altar,
          eat_drink_and_be_merry_uskayaw, kennysheep_little_box
D:8:      layout_loops_ring, chequers_temple_overflow_statue_of_worship,
          lair_entry_dummy
D:9:      layout_cave_pools, zombieorc2_lemuel, uniq_psyche
D:10:     layout_small_grid, the_bakery, grunt_decor_fettered,
          chequers_serial_rivers_small_b
D:11:     layout_cave_pods
D:12:     layout_loops_ring, serial_shops, shop_statue, uniq_maurice
D:13:     minmay_cornered_nines, layout_loops_ring, portal_ice_cave_entry_imps,
          hangedman_abyss_or_decor_passed
D:14:     layout_grid_maze, skrybe_vaults_entry_preservation,
          hangedman_decor_clover_reticule, special_room [special_room_orc],
          uniq_rupert
D:15:     hangedman_depths_entry_civil_slaughter, layout_long_grid,
          muffindrake_ghost_dual_entry, serial_bayou_ford_a,
          minmay_misc_feat_cross, hangedman_abyss_or_decor_jellyfish_corner,
          hex_tiny, hangedman_abyss_or_decor_stabs
Temple:   nicolae_temple_figure_zero
Lair:1:   layout_chaotic_city, maelrawn_ghost_gauntlet_escape,
          chequers_serial_rivers_micro_b, serial_bayou_lagoon_a,
          chequers_serial_rivers_marsh, lemuel_fruit_tree
Lair:2:   layout_layer_cave, elwin_shoals_entry_rooms, dummy_snake_entry,
          uniq_urug, uniq_gastronok
Lair:3:   layout_gridlike, eino_small_chamber_without_monster
Lair:4:   minmay_guarded_unrand_snakebite, layout_gridlike,
          serial_bayou_lagoon_b, serial_bayou_shore_a
Lair:5:   layout_regular_city, slime_altar_1, grunt_forest_stairs_basic,
          grunt_megastairs_1
Lair:6:   grunt_lair_end_beastmaster, layout_cave_pods, special_room
          [special_room_bee], gammafunk_ghost_hive, serial_bayou_shore_b
Shoals:1: layout_shoals
Shoals:2: layout_shoals, lemuel_oklob_altar
Shoals:3: layout_shoals
Shoals:4: shoals_end_simple, layout_shoals, uniq_polyphemus, uniq_nikola
Snake:1:  layout_rooms
Snake:2:  layout_cave_town
Snake:3:  layout_gridlike, st_stairs_7, minmay_shop_grove
Snake:4:  grunt_snake_rune_serpentine_throne, layout_cave_town, serial_shops,
          nicolae_shop_stone
Slime:1:  layout_caves, basic_altar
Slime:2:  layout_caves
Slime:3:  layout_caves
Slime:4:  layout_caves, nicolae_slime_phagocytosis
Orc:1:    layout_caves
Orc:2:    st_orc_elflike, layout_diamond_mine, minmay_orc_barracks
Elf:1:    minmay_elf_arrival_summoners, layout_gridlike, gammafunk_ghost_grave,
          kennysheep_underground_church, minivault_15, minmay_shoptagon,
          uniq_agnes
Elf:2:    layout_loops_cross, serial_shops, nicolae_shop_waterfront,
          minivault_28
Elf:3:    minmay_elf_hall_statues, layout_gridlike, basic_altar, serial_shops,
          shop
Vaults:1: vaults_room_stairs_pillars, v_alt_pattern_3, nicolae_vaults_alarming,
          v_misc_16, v_rooms_2, v_alt_pattern_5, v_misc_9,
          hangedman_vaults_capsules, v_misc_19, v_misc_26, v_alt_pattern_1,
          ontoclasm_vaults_idyll, vaults_dpeg_ring, layout_vaults_omnibox,
          serial_shops, shop, shop, shop, nicolae_shop_statue_plus, shop_statue,
          serial_glass
Vaults:2: vaults_room_hallway, vaults_room_door_hall, v_misc_17,
          vaults_mumra_minichess_inversion, ontoclasm_vaults_gateway, v_misc_26,
          st_greater_box_4, nicolae_vaults_shelves_hall, layout_vaults_quadrants
Vaults:3: vaults_dpeg_cross, nicolae_vaults_bisected_exclaves,
          minmay_crypt_entry_skeletal_spiral, vaults_mumra_hex,
          hangedman_vaults_unwind, v_alt_pattern_4, vaults_room_pools,
          hangedman_vaults_stretched_pinwheel, vaults_room_fours,
          nicolae_vaults_little_squares_1, hangedman_vaults_cutoff,
          layout_vaults_omnicross
Vaults:4: nicolae_vaults_angled_halls, v_misc_25, hangedman_vaults_locks,
          hangedman_vaults_nails, ontoclasm_vaults_idyll, vaults_room_boxed,
          v_misc_33, nicolae_vaults_gold_heap, nicolae_vaults_three_branches,
          nicolae_vaults_little_squares_4, nicolae_vaults_big_ls,
          layout_vaults_ring, portal_desolation_entry_garden
Crypt:1:  layout_chaotic_city, ebering_ghost_rock_garden, hangedman_batty
Crypt:2:  lemuel_upstairs_altar, layout_rooms
Crypt:3:  lightli_unholy_cathedral, layout_chaotic_city,
          nicolae_tomb_entry_unfolded_pyramid_diagonal, mu_enter_wizlab_6
Tomb:1:   uniq_mara
Depths:1: layout_gridville, enter_ziggurat_f, corexii_corridor_pit,
          grunt_hell_entry_dis_grunt, rand_demon_pan_entry_3, st_stairs_7,
          lemuel_statue_altar
Depths:2: minmay_sliced_demisemicircle, layout_cave_pools,
          kennysheep_decorative_pillar, grunt_hell_entry_demonic_statue,
          serial_co_window_serial, co_window_paths_a, co_window_paths_a,
          co_window_corner_a, co_window_corner_a, co_window_paths_a,
          co_window_of_opportunity_b, co_window_2corner,
          co_window_of_opportunity_b, co_window_of_opportunity_b,
          co_window_corner_b, co_window_paths_e, glass_columns_c,
          glass_columns_a, glass_columns_b, glass_columns_b,
          rand_demon_pan_entry_7
Depths:3: grunt_profane_halls [grunt_profane_temple_dis,
          grunt_profane_temple_coc, grunt_profane_temple_tar,
          grunt_profane_temple_geh, grunt_profane_loot], pan_entry, abyss_entry,
          hell_entry
Depths:4: kb_forest_paths, layout_cave_shapes, hell_entry, abyss_entry,
          chequers_big_river
Depths:5: evilmike_zot_entry_gauntlet, layout_long_grid, serial_shops,
          bzr_entry_customers, hell_entry, uniq_mennas

Skill      XL: |  1  2  3  4  5  6  7  8  9 10 11 12 13 14 15 16 17 18 19 20 21 22 23 24 25 26 27 |
---------------+----------------------------------------------------------------------------------+-----
Earth Magic    | 4 5 6 7 8 10 11 12 13 14 15 16 17 18 | 18.3
Fighting       | 1 2 3 4 5 6 7 8 9 10 11 12 13 14 15 16 17 18 | 18.2
Spellcasting   | 3 4 5 6 7 8 9 10 11 12 13 14 15 | 15.7
Conjurations   | 2 4 6 7 9 10 11 12 14 | 14.0
Armour         | 1 3 4 6 7 8 9 10 12 13 14 15 16 | 16.7
Maces & Flails | 1 4 6 8 9 11 12 13 14 15 16 | 16.0
Summonings     | 2 3 5 6 7 8 |  8.7
Air Magic      | 1 3 5 6 7 8 9 10 | 10.0
Invocations    | 2 4 6 7 8 |  8.6
Shields        | 4 8 11 12 13 14 15 16 17 18 19 20 | 20.9
Charms         | 3 5 8 9 10 11 | 11.8
Translocations | 1 3 4 |  4.0
Stealth        | 7 10 12 13 14 | 14.8
Dodging        | 3 5 6 7 |  7.6
Transmutations | |  0.7

Action                   |  1- 3 |  4- 6 |  7- 9 | 10-12 | 13-15 | 16-18 | 19-21 | 22-24 | 25-27 || total
-------------------------+-------+-------+-------+-------+-------+-------+-------+-------+-------++-------
Melee: Unarmed           |    63 |       |       |       |       |       |       |       |       ||    63
       Dagger            |   112 |   215 |   365 |       |       |       |       |       |       ||   692
       Whip              |       |       |    68 |   643 |  1593 |  1911 |  2845 |  1544 |       ||  8604
       Demon whip        |       |       |       |       |       |       |    23 |   496 |   360 ||   879
       Eveningstar       |       |       |       |       |       |       |       |   839 |   950 ||  1789
       Sacred scourge    |       |       |       |       |       |       |       |       |  1614 ||  1614
 Cast: Sandblast         |     3 |    13 |    25 |    89 |   172 |   449 |    17 |    30 |    16 ||   814
       Stone Arrow       |       |       |    18 |    99 |   248 |   295 |   221 |   270 |   137 ||  1288
       Lee's Rapid Decon |       |       |       |    11 |     9 |     8 |    52 |   193 |   202 ||   475
       Summon Lightning  |       |       |       |       |     3 |    11 |       |     3 |     1 ||    18
       Blink             |       |       |       |       |       |     1 |     7 |     4 |     2 ||    14
       Iron Shot         |       |       |       |       |       |       |       |     2 |     2 ||     4
Invok: Finesse           |       |       |       |       |       |     1 |       |       |     2 ||     3
       Heroism           |       |       |       |       |       |     1 |       |       |     1 ||     2
 Abil: Fly               |       |       |       |       |       |     2 |     3 |       |       ||     5
       Stop Flying       |       |       |       |       |       |     1 |     3 |     1 |       ||     5
Evoke: Wand              |       |       |       |     1 |       |       |       |       |     2 ||     3
  Use: Scroll            |       |     6 |     3 |     8 |    13 |    10 |     4 |     6 |     9 ||    59
       Potion            |       |       |       |     1 |     1 |     4 |       |     1 |     1 ||     8
 Stab: Sleeping          |     5 |     6 |     4 |     1 |     4 |       |     1 |    10 |     1 ||    32
       Distracted        |       |       |       |     1 |       |     2 |       |     3 |     1 ||     7
       Petrified         |       |       |       |       |    19 |       |       |       |       ||    19
       Petrifying        |       |       |       |       |     1 |       |       |       |       ||     1
  Eat: Chunk             |     4 |     9 |    15 |    21 |    46 |    46 |    50 |    49 |    36 ||   276
       Ration            |       |       |     1 |     5 |     4 |     6 |     3 |     8 |     8 ||    35
Armor: Robe              |    76 |    76 |       |       |       |       |       |       |       ||   152
       Leather armour    |       |       |   216 |   396 |   185 |       |       |       |       ||   797
       Ring mail         |       |       |       |       |   642 |   106 |       |       |       ||   748
       Scale mail        |       |       |       |       |       |   967 |   769 |   986 |   213 ||  2935
       Crystal plate arm |       |       |       |       |       |       |       |       |  1025 ||  1025
Dodge: Dodged            |   125 |   110 |   202 |   334 |   475 |   551 |   437 |   399 |   352 ||  2985
Block: Other             |       |       |    64 |    98 |       |       |       |       |       ||   162
       Reflection        |       |       |       |     1 |       |       |       |       |       ||     1
       Shield            |       |       |       |       |   395 |  1067 |   662 |       |       ||  2124
       Large shield      |       |       |       |       |       |       |   519 |  2108 |  2356 ||  4983
